 Dungeon Crawl Stone Soup version 0.20.0-1-g1cb1d84 (webtiles) character file.

49 Monsterracer the Cudgeler (level 3, -2/20 HPs)
             Began as a Gargoyle Fighter on May 27, 2017.
             Slain by Natasha (4 damage)
             ... on level 2 of the Dungeon.
             The game lasted 00:02:21 (1270 turns).

Monsterracer the Cudgeler (Gargoyle Fighter)        Turns: 1270, Time: 00:02:23

Health: -2/20      AC: 15    Str: 22    XL:     3   Next: 77%
Magic:  3/3        EV:  3    Int:  8    God:
Gold:   62         SH:  8    Dex:  9    Spells: 2/2 levels left

rFire    . . .     SeeInvis .   a - +0 flail
rCold    . . .     Gourm    .   c - +0 shield
rNeg     + . .     Faith    .   e - +0 plate armour
rPois    ∞         Spirit   .   (no helmet)
rElec    +         Reflect  .   k - scarf {cloud immunity}
rCorr    .         Harm     .   (no gloves)
MR       +....                  (no boots)
Stlth    ..........             (no amulet)
Regen    0.1/turn               (no ring)
MPRegen  0.1/turn               (no ring)

@: slowed, drained, very slow
A: frail 1, magic resistance 1, negative energy resistance 1, shaggy fur 1,
electricity resistance, strong 1, unbreathing, petrification resistance, rot
immunity, AC +3
a: no special abilities


You were on level 2 of the Dungeon.
You were hungry.

You visited 1 branch of the dungeon, and saw 2 of its levels.

You collected 62 gold pieces.

Inventory:

Hand Weapons
 a - a +0 flail (weapon)
Armour
 c - a +0 shield (worn)
 e - a +0 plate armour (worn)
 k - a scarf of cloud immunity (worn)
Scrolls
 b - a scroll of magic mapping {unknown}
 g - a scroll of remove curse {unknown}
 h - a scroll of enchant armour {unknown}
 j - a scroll of recharging {unknown}
 l - a scroll of amnesia {unknown}
 n - a scroll of enchant weapon {unknown}
Potions
 d - a potion of might
Comestibles
 f - a bread ration
 i - 7 fruits
 m - a chunk of flesh


   Skills:
 - Level 3.2(2.1) Fighting
 + Level 4.0(2.8) Maces & Flails
 - Level 3.2(2.1) Armour
 - Level 3.2(2.1) Shields


You had 2 spell levels left.
You didn't know any spells.

Dungeon Overview and Level Annotations

Branches:
Dungeon (2/15)

Altars:

Annotations:
D:2 1 runed door, Natasha


Innate Abilities, Weirdness & Mutations

You are resistant to torment.
Your stone body is resilient. (AC +3)
You are immune to poison.
You resist negative energy. (rN+)
You are resistant to electric shocks. (rElec)
You can survive without breathing.
You are immune to petrification.
You are immune to rotting.
You are frail. (-10% HP)
You are resistant to hostile enchantments. (MR+)
You are covered in fur. (AC +1)
Your muscles are strong. (Str +2)


Message History

Natasha casts a spell at you. The magic dart hits you!
You barely miss Natasha.
Natasha is severely wounded.
Natasha claws you.
Your shield and plate armour prevent you from hitting Natasha.
Natasha is severely wounded.
Natasha wildly gestures.
You feel troubled. Natasha claws you but does no damage. Natasha claws you.
Natasha barely misses you.
You are too injured to fight recklessly!
You are too injured to fight recklessly!
Your plate armour prevents you from hitting Natasha.
Natasha is severely wounded.
Natasha claws you.
* * * LOW HITPOINT WARNING * * *
Natasha mewls in sadness.
Natasha claws you.
You die...

#.. #..#### #.# #.....# #.#
####.....# ######## #.#
#..........# #...<... #.#
#..........# #....... #.#
#.........h# ##....... #.#
#.........@########.#######
#.#####......[...##.......#
#....##..<.......##.#.######♣♣♣♣♣
.....##..................#..P.♣.♣
..........†......###.###....P..♣.
#....#####.##....###.# #......♣♣♣
.##### #.##.#####..# ##...P♣♣ ..#
#.##.# #.## ####♣♣ ..# ###.#..#
#.#


You could see Natasha.

Vanquished Creatures
  2 oozes (D:1)
  3 dart slugs
  A giant cockroach (D:2)
  4 goblins
  6 hobgoblins
  A jackal (D:1)
  A quokka (D:2)
  A ball python (D:1)
  2 frilled lizards (D:1)
  5 kobolds
  10 rats
36 creatures vanquished.

Notes
Turn   | Place    | Note
-------+----------+-------------------------------------------
     0 | D:1      | Monsterracer the Gargoyle Fighter began the quest for the Orb.
     0 | D:1      | Reached XP level 1. HP: 14/14 MP: 1/1
   186 | D:1      | Reached XP level 2. HP: 19/19 MP: 2/2
   307 | D:1      | Reached skill level 3 in Maces & Flails
   534 | D:1      | Reached XP level 3. HP: 23/23 MP: 3/3
   547 | D:1      | Gained mutation: You are frail. (-10% HP) [potion of mutation]
   547 | D:1      | Gained mutation: You are covered in fur. (AC +1) [potion of mutation]
   547 | D:1      | Gained mutation: Your muscles are strong. (Str +2) [potion of mutation]
   547 | D:1      | Gained mutation: You are resistant to hostile enchantments. (MR+) [potion of mutation]
  1192 | D:2      | Reached skill level 4 in Maces & Flails
  1226 | D:2      | Found a runed door.
  1257 | D:2      | Noticed Natasha
  1270 | D:2      | Slain by Natasha

Skill      XL: |  1  2  3 |
---------------+----------+-----
Maces & Flails | 3 4 |  4.0
Fighting       | |  3.2
Armour         | |  3.2
Shields        | |  3.2

Action                   || total
-------------------------++-------
Melee: Flail             ||   149
  Use: Potion            ||     1
  Eat: Chunk             ||     1
Armor: Scale mail        ||    18
       Plate armour      ||    86
Dodge: Dodged            ||    30
Block: Shield            ||    65
